cohdb
Replays
Latest Replays
All Replays
Popular Replays
Top Player Replays
Match Explorer
How It Works
Community
CoH3 Stats
Reddit
Sign in to upload your games and track your stats! →
Sign in with Steam
Match 45900680
Unlisted
Match 45900680
Overview
Messages
Build Orders
End
Engineer Squad
Construct Barracks
Selects Armored Battlegroup
Selects Veteran Crews
Riflemen Squad
1⁄4-ton 4x4 Truck
Riflemen Squad
Infantry Support Center
Construct Motor Pool
M8 Greyhound Armored Car
Construct Medical Station
Selects Strength in Steel
M1 Anti-tank Gun Team
Grenade Package
Riflemen Squad
M1918 Browning Automatic Rifles
Selects M31 Recovery Vehicle
Selects War Machine
Construct Tank Depot
Alfonso
Lemon
0
0
Comments
sign in to comment!
No comments posted yet!